 Dungeon Crawl Stone Soup version 0.31-a0-344-gd109795599 (webtiles) character file.

Game seed: 10660318853691790956

32 marky1606 the Changeling (level 3, 0/26 HPs)
             Began as a Demonspawn Shapeshifter on July 20, 2023.
             Succumbed to an adder's poison
             ... on level 2 of the Dungeon on July 21, 2023.
             The game lasted 00:03:19 (1006 turns).

marky1606 the Changeling (Demonspawn Shapeshifter)  Turns: 1006, Time: 00:03:20

Health: 0/26       AC:  2    Str: 15    XL:     3   Next: 8%
Magic:  3/3        EV: 12    Int:  9    God:
Gold:   59         SH:  0    Dex: 15    Spells: 2/2 levels left

rFire   . .          .
                       - Unarmed
rCold   . . .        (no shield)
rNeg    . . .        a - +0 animal skin
rPois   .            (helmet currently unavailable)
rElec   .            (cloak currently unavailable)
rCorr   .            (gloves currently unavailable)
SInv    .            (boots currently unavailable)
Will    .....        (no amulet)
Stlth   +            (no ring)
HPRegen 0.24/turn    (no ring)
MPRegen 0.08/turn

%: no passive effects
@: lethally poisoned (0 -> -6), beast-form
A: beast (slay +2), weakness stinger 1
a: Begin Untransformation


You were on level 2 of the Dungeon.
You were a hulking beast.
You visited 1 branch of the dungeon, and saw 2 of its levels.

You collected 59 gold pieces.

Inventory:

Armour
 a - a +0 animal skin (worn)
Talismans
 c - a beast talisman
Scrolls
 e - a scroll of identify
 f - 2 scrolls of fear
Potions
 b - 2 potions of lignification


   Skills:
 * Level 1.3 Fighting
 + Level 1.9 Dodging
 + Level 3.1 Unarmed Combat
 * Level 3.1 Shapeshifting


You had 2 spell levels left.
You didn't know any spells.
Your spell library was empty.

Dungeon Overview and Level Annotations

Branches:
Dungeon (2/15)

Altars:


Innate Abilities, Weirdness & Mutations

You are a hulking beast.
Your limbs bulge with bestial killing power. (Slay +2)
You have a small tail.


Message History

You closely miss the ball python. The ball python barely misses you. x2
The adder closely misses you.
You hit the adder but do no damage. The ball python barely misses you.
The ball python misses you. The adder bites you but does no damage.
You barely miss the adder.
Your tail-slap misses the adder.
The adder bites you.
You are poisoned.
The adder poisons you! The ball python barely misses you.
The ball python grabs you. The ball python constricts you.
You hit the adder.
Your tail-slap misses the adder.
The adder is moderately wounded.
You feel sick. The adder closely misses you. The ball python bites you.
The ball python constricts you.
You miss the adder.
The adder is moderately wounded.
You feel sick. The adder bites you. The ball python bites you.
The ball python constricts you. The adder bites you but does no damage.
You hit the adder.
The adder is almost dead.
You feel sick. The ball python bites you. The ball python constricts you.
The adder barely misses you. The ball python bites you.
The ball python constricts you.
You closely miss the adder.
Your tail-slap misses the adder.
The adder is almost dead.
You feel sick. The adder misses you. The ball python barely misses you.
The ball python constricts you.
* * * LOW HITPOINT WARNING * * *
You miss the adder.
The adder is almost dead.
You feel sick. The adder bites you.
* * * LOW HITPOINT WARNING * * *
The ball python misses you. The ball python constricts you.
The adder bites you.
* * * LOW HITPOINT WARNING * * *
You are more poisoned.
The adder poisons you!
Welcome back, marky1606 the Demonspawn Shapeshifter.
Press ? for a list of commands and other information.
You escape the ball python's grasp.
You die...

#+#.#.#.##.#
#.#.#.#.##.#
#.#.#.#.##.#
#.#.#.#.##.#######
#.#.#.#.##........
######.#.#.#......###..
...........#......#
######..####......#
#......h.S...#
#.#######S####.)#
#................
###########...### ...#
..=. ..... .... ....


You could see an adder and a ball python.

Vanquished Creatures
  3 bats (D:1)
  4 endoplasms (D:1)
  A giant cockroach (D:1)
  A hobgoblin (D:1)
  4 jackals (D:1)
  2 kobolds (D:1)
  A quokka (D:1)
  3 ball pythons
  5 goblins (D:1)
  2 rats (D:1)
26 creatures vanquished.

Notes
Turn   | Place    | Note
-------+----------+-------------------------------------------
     0 | D:1      | marky1606 the Demonspawn Shapeshifter began the quest for
                  | the Orb.
     0 | D:1      | Reached XP level 1. HP: 15/15 MP: 1/1
   231 | D:1      | Gained mutation: You have a small tail. [demonic ancestry]
   231 | D:1      | Reached XP level 2. HP: 21/21 MP: 2/2
   637 | D:1      | Reached XP level 3. HP: 25/26 MP: 3/3
  1005 | D:2      | HP: 1/26 [adder (2)]
  1006 | D:2      | Upgraded the game from 0.31-a0-339-gda1cbd555d to
                  | 0.31-a0-344-gd109795599
  1006 | D:2      | Succumbed to an adder's poison

Illustrated notes

Levels and vault maps discovered:
D:1:      dpeg_arrival_rooms_a, layout_loops_ring
D:2:      layout_basic, hellmonk_ecumenical_altar_lost_god, serial_shops,
          nicolae_shop_pleasant_corner_grove

Skill      XL: |  1  2 |
---------------+-------+-----
Shapeshifting  | 3 |  3.1
Unarmed Combat | 3 |  3.1
Fighting       | |  1.3
Dodging        | |  1.9

Action                     || total
---------------------------++-------
  Melee: Unarmed           ||    65
         Tailslap          ||     3
    Use: Scroll            ||     4
   Stab: Sleeping          ||     2
 Armour: Animal skin       ||     8
  Dodge: Dodged            ||    37

Table legend: (Time is in decaauts)
 A = Elapsed time spent in this place.
 B = Non-inter-level travel time spent in this place.
 C = Inter-level travel time spent in this place.
 D = Time resting spent in this place.
 E = Time spent auto-exploring this place.
 F = Levels seen in this place.
 G = Mean time per level.
                   A        B        C        D        E       F      G
               +--------+--------+--------+--------+--------+-----+--------+
         Total |   1002 |    975 |     27 |     21 |    789 |   2 |  501.0 |
       Dungeon |   1002 |    975 |     27 |     21 |    789 |   2 |  501.0 |
               +--------+--------+--------+--------+--------+-----+--------+

Top non-repeatable levels by time:
     D:1: 936 daAuts
     D:2: 65 daAuts
